 Dungeon Crawl Stone Soup version 0.29-a0-857-g9b1aa3ac5b (webtiles) character file.

Game seed: 3144542669005532151

2921 Zonian the Schismatic (level 9, -2/57 HPs)
             Began as a Demonspawn Ice Elementalist on July 17, 2022.
             Was an Elder of Lugonu.
             Hit by a stone thrown by a gnoll (5 damage)
             ... on level 7 of the Dungeon.
             The game lasted 00:27:17 (14144 turns).

Zonian the Schismatic (DsIE)                       Turns: 14144, Time: 00:27:18

Health: -2/57      AC:  3    Str: 13    XL:     9   Next: 50%
Magic:  7/15       EV: 12    Int: 13    God:    Lugonu [****..]
Gold:   952        SH:  0    Dex: 18    Spells: 12/16 levels left

rFire   + . .      SeeInvis .   t - +2 dagger (freeze)
rCold   + + .      Faith    .   (no shield)
rNeg    . . .      Spirit   .   c - +0 robe {rF+}
rPois   .          Reflect  .   u - +0 hat "Dilo Lihi" {Rampage rC+ Str+4 Int-5 Dex+2}
rElec   .          Harm     .   (no cloak)
rCorr   .          Rampage  +   o - +0 pair of gloves
Will    .....                   (no boots)
Stlth   ++........              (no amulet)
HPRegen 0.19/turn               p - ring of protection from cold
MPRegen 0.14/turn               (no ring)

@: slowed, very slow
A: hooves 2, horns 1, demonic guardian 2, foul stench 1
a: Renounce Religion, Depart the Abyss, Bend Space, Banish, Corrupt


You were on level 7 of the Dungeon.
You worshipped Lugonu.
Lugonu was greatly pleased with you.
You visited 1 branch of the dungeon, and saw 7 of its levels.

You collected 952 gold pieces.

Inventory:

Hand Weapons
 d - a +0 hand axe
 f - a +5 mace of freezing
 i - a +0 vorpal short sword
 k - a +0 dagger of venom
 m - a +0 rapier
 n - a +4 whip
 t - a +2 dagger of freezing (weapon)
 A - a +0 sling
Missiles
 x - 2 curare-tipped darts
 y - a throwing net
 B - 2 boomerangs
Armour
 a - a +0 robe
 c - a +0 robe of fire resistance (worn)
 o - a +0 pair of gloves (worn)
 u - the +0 hat "Dilo Lihi" (worn) {Rampage rC+ Str+4 Int-5 Dex+2}
   (You acquired it on level 6 of the Dungeon)

   Str:       It affects your strength (+4).
   Int:       It affects your intelligence (-5).
   Dex:       It affects your dexterity (+2).
   rC:        It protects you from cold.
   Rampage:   It bestows one free step when moving towards enemies.
Jewellery
 p - a ring of protection from cold (left hand)
Wands
 C - a wand of digging (3)
Scrolls
 g - 6 scrolls of teleportation
 j - a scroll of blinking
 l - 2 scrolls of immolation
 q - 2 scrolls of poison
 r - a scroll of amnesia
Potions
 b - a potion of magic
 e - 6 potions of lignification
 h - a potion of haste
 s - a potion of might
 v - a potion of flight {unknown}
 w - 3 potions of heal wounds {unknown}
 z - a potion of berserk rage {unknown}


   Skills:
 + Level 6.0 Short Blades
 - Level 2.1 Dodging
 - Level 2.2 Stealth
 + Level 4.2 Spellcasting
 - Level 8.0 Ice Magic
 + Level 9.0 Invocations


You had 12 spell levels left.
You knew the following spells:

 Your Spells              Type           Power      Damage    Failure   Level
a - Freeze                Ice            92%        1d10      1%          1
b - Frozen Ramparts       Ice            46%        1d6       2%          3

Your spell library contained the following spells:

 Spells                   Type           Power      Damage    Failure   Level
 Ozocubu's Armour         Ice            23%        N/A       2%          3
 Apportation              Tloc           4%         N/A       21%         1
 Beastly Appendage        Tmut           4%         N/A       21%         1
 Sandblast                Erth           4%         2d4       21%         1
 Passwall                 Tmut/Erth      1%         N/A       30%         2
 Wereblood                Tmut           2%         N/A       30%         2
 Hailstorm                Conj/Ice       13%        3d5       36%         4
 Gell's Gravitas          Tloc           2%         N/A       52%         3
 Spider Form              Tmut/Pois      2%         N/A       52%         3
 Stone Arrow              Conj/Erth      4%         3d7       52%         3
 Teleport Other           Tloc           2%         N/A       52%         3
 Alistair's Intoxication  Tmut/Pois      1%         N/A       99%         5
 Dispersal                Tloc           1%         N/A       100%        6


Dungeon Overview and Level Annotations

Branches:
Dungeon (7/15)             Temple (0/1) D:5

Altars:
Ashenzari
Gozag
Kikubaaqudgha
Makhleb
Wu Jian
Lugonu

Shops:
D:3 (


Innate Abilities, Weirdness & Mutations

You have hoof-like feet.
You have a pair of small horns on your head.
A demonic guardian rushes to your aid.
You may rarely emit foul miasma when damaged in melee.


Message History

The wraith is lightly damaged.
The wraith resists.
The wall freezes the wraith.
The wraith hits you! The wraith drains your vigour!
You feel yourself slow down.
You hit the wraith but do no damage. You kick the wraith, but do no damage.
The wraith is moderately damaged.
The wraith resists.
The wall freezes the wraith.
The wraith hits you. The wraith drains your vigour!
You feel as though you will be slow longer.
The wall freezes the iguana.
You hit the wraith but do no damage.
You headbutt the wraith, but do no damage.
The wraith is moderately damaged.
The frozen ramparts melt away.
The wraith hits you!
Unknown command.
Casting: Frozen Ramparts (dangerous; 2% risk of failure)
Confirm with . or Enter, or press ? or * to list all spells.
Casting: Frozen Ramparts (dangerous; 2% risk of failure)
Press: ? - help, Dir - look around, f - activate The walls around you are covered in ice.
The wraith resists.
The wall freezes the wraith.
The wraith hits you. The wraith drains your vigour!
You feel as though you will be slow longer.
The wall freezes the iguana.
The iguana seems to slow down.
The iguana bites you!
* * * LOW HITPOINT WARNING * * *
A demonic guardian appears!
You emit a cloud of foul miasma!
The wraith resists.
The wall freezes the wraith.
The wraith hits you!
* * * LOW HITPOINT WARNING * * *
You emit a cloud of foul miasma!
The iguana is engulfed in dark miasma.
The iguana is poisoned.
The iguana seems to slow down.
You kill the iguana!
Lugonu accepts your kill.
Your frozen ramparts will break if you move.
Continue?
Space bends violently around you!
You blink.
The frozen ramparts melt away as you move.
A gnoll comes into view. It is wielding a +0 quarterstaff.
Found a flail.
The gnoll shouts!
You hear a shout!
The gnoll throws a stone.
The stone hits you.
You die...

#...##### #.####
#..)...# #....#######
#......# #
#.##.#.....#.#......##.#
#.##.#.._..#.#........g
#.####.)...#.........#
#.# #8#.#8# #.......#
#.# ###.#####....g.# ..#
#..##.##..@...#
..#####.###.§W.......#
........†..§☼4..###.....
..############...# ....
..# ###.# ... ### .. .


You could see a wraith (ally target), 2 gnolls and a friendly rust devil
(summoned).

Vanquished Creatures
  Pikel (D:6)
  2 water moccasins
  An orc warrior (D:7)
  A black bear (D:4)
  2 kobold brigands (D:6)
  2 necrophages
  3 wights (D:6)
  6 howler monkeys
  3 hounds
  2 orc priests (D:5)
  2 iguanas
  6 orc wizards
  12 gnolls
  9 adders
  2 white imps
  An ufetubus (D:5)
  A dart slug (D:5)
  14 orcs
  7 ball pythons
  9 endoplasms
  6 giant cockroaches
  9 hobgoblins
  11 jackals
  2 quokkas
  5 bats
  4 frilled lizards
  5 goblins
  18 kobolds
  5 rats
151 creatures vanquished.

Vanquished Creatures (collateral kills)
  2 water moccasins
  An ice beast (D:6)
  A centaur (D:7)
  A bullfrog (D:5)
  2 wights (D:6)
  A scorpion (D:6)
  A gnoll bouda (D:7)
  A jelly (D:7)
  2 iguanas (D:7)
  2 adders
  A gnoll (D:4)
  A shadow imp (D:5)
  5 orcs
  A bat (D:3)
  An endoplasm (D:2)
  A goblin (D:2)
24 creatures vanquished.

Vanquished Creatures (others)
  A hound (D:7)
1 creature vanquished.

Grand Total: 176 creatures vanquished

Notes
Turn   | Place    | Note
-------+----------+-------------------------------------------
     0 | D:1      | Zonian the Demonspawn Ice Elementalist began the quest for
                  | the Orb.
     0 | D:1      | Reached XP level 1. HP: 13/13 MP: 3/3
   995 | D:1      | Gained mutation: A weak demonic guardian rushes to your
                  | aid. [demonic ancestry]
   995 | D:1      | Reached XP level 2. HP: 19/19 MP: 1/5
  1534 | D:1      | Found a faded altar of an unknown god.
  1554 | D:1      | Prayed at the altar of an unknown god.
  1554 | D:1      | Became a worshipper of Lugonu the Unformed
  1554 | D:1      | Reached * piety under Lugonu
  1554 | D:1      | Reached ** piety under Lugonu
  2389 | D:2      | Reached XP level 3. HP: 20/24 MP: 3/6
  3585 | D:2      | Reached XP level 4. HP: 25/30 MP: 2/7
  3713 | D:2      | Reached skill level 1 in Invocations
  4278 | D:3      | Reached skill level 2 in Invocations
  4779 | D:3      | Identified a scroll of acquirement
  4780 | D:3      | Acquired 636 gold pieces
  4936 | D:3      | Reached skill level 5 in Ice Magic
  4936 | D:3      | Discovered your monstrous ancestry.
  4936 | D:3      | Gained mutation: You have a pair of small horns on your
                  | head. [demonic ancestry]
  4936 | D:3      | Reached XP level 5. HP: 16/35 MP: 8/8
  5344 | D:3      | Reached *** piety under Lugonu
  5684 | D:3      | Found Naoph's Weapon Boutique.
  5687 | D:3      | Reached skill level 3 in Invocations
  6802 | D:4      | Found a burning altar of Makhleb.
  6825 | D:4      | Found a broken altar of Ashenzari.
  6838 | D:4      | Reached skill level 4 in Invocations
  6838 | D:4      | Gained mutation: You may rarely emit foul miasma when
                  | damaged in melee. [demonic ancestry]
  6838 | D:4      | Reached XP level 6. HP: 31/41 MP: 9/9
  6909 | D:4      | Learned a level 3 spell: Frozen Ramparts
  7724 | D:4      | Found an ornate altar of the Wu Jian Council.
  8162 | D:4      | Reached skill level 5 in Invocations
  8258 | D:5      | Entered Level 5 of the Dungeon
  8413 | D:5      | Gained mutation: A demonic guardian rushes to your aid.
                  | [demonic ancestry]
  8413 | D:5      | Reached XP level 7. HP: 46/46 MP: 7/11
  8535 | D:5      | Found a staircase to the Ecumenical Temple.
  8543 | D:5      | Reached skill level 6 in Invocations
  9459 | D:5      | Reached skill level 7 in Invocations
 10125 | D:5      | Gained mutation: You have large cloven feet. [demonic
                  | ancestry]
 10125 | D:5      | Reached XP level 8. HP: 35/52 MP: 13/13
 10436 | D:6      | Reached skill level 8 in Invocations
 10858 | D:6      | Noticed Pikel
 10869 | D:6      | Killed Pikel
 10875 | D:6      | Reached **** piety under Lugonu
 11755 | D:6      | Acquired the +0 hat "Dilo Lihi" {Rampage rC+ Str+4 Int-5
                  | Dex+2}
 12102 | D:6      | Reached skill level 5 in Short Blades
 12102 | D:6      | Gained mutation: You have hoof-like feet. [demonic
                  | ancestry]
 12102 | D:6      | Reached XP level 9. HP: 54/54 MP: 15/15
 12406 | D:6      | Found an ancient bone altar of Kikubaaqudgha.
 14044 | D:7      | Found an opulent altar of Gozag.
 14128 | D:7      | Reached skill level 9 in Invocations
 14144 | D:7      | Hit by a stone thrown by a gnoll

Illustrated notes

Levels and vault maps discovered:
D:1:      tarquinn_simple_flora_water_c, layout_loops_ring,
          basic_ecumenical_altar
D:2:      layout_loops_ring
D:3:      layout_basic, serial_shops, nicolae_shop_trees,
          dreamdust_mushroom_princess, nicolae_figureground_pulse
D:4:      layout_basic, nicolae_overflow_quartered_altars
D:5:      layout_cave_pools, minmay_temple_entry_ruins
D:6:      cheibrodos_thug_alley, layout_basic, mainiacjoe_overflow_catwalk,
          uniq_pikel
D:7:      layout_rooms, mainiacjoe_overflow_alcove_2, grunt_qazlal_sundering,
          xom_confusion_cloud

Skill      XL: |  1  2  3  4  5  6  7  8  9 |
---------------+----------------------------+-----
Stealth        | 2 |  2.2
Dodging        | 2 |  2.1
Ice Magic      | 4 5 6 7 8 |  8.0
Invocations    | 2 4 5 7 8 9 |  9.0
Short Blades   | 5 6 |  6.0
Spellcasting   | 4 |  4.2

Action                   |  1- 3 |  4- 6 |  7- 9 || total
-------------------------+-------+-------+-------++-------
Melee: Hand axe          |     5 |       |       ||     5
       Unarmed           |     1 |       |       ||     1
       Short sword       |    39 |       |    40 ||    79
       Punch             |     2 |     1 |     6 ||     9
       Whip              |       |   146 |    75 ||   221
       Headbutt          |       |    12 |    42 ||    54
       Dagger            |       |       |    80 ||    80
       Kick              |       |       |    39 ||    39
Throw: Stone             |     2 |       |     1 ||     3
       Throwing net      |       |       |     1 ||     1
 Cast: Freeze            |    40 |    20 |    21 ||    81
       Frozen Ramparts   |       |     3 |    13 ||    16
Invok: Bend Space        |       |     1 |     2 ||     3
Evoke: Wand              |       |     2 |     6 ||     8
  Use: Scroll            |       |    12 |     5 ||    17
       Potion            |       |       |     2 ||     2
 Stab: Sleeping          |     3 |    10 |     1 ||    14
Armor: Robe              |    14 |    39 |    15 ||    68
       Skin              |       |       |     7 ||     7
Dodge: Dodged            |    53 |   137 |   106 ||   296

Table legend: (Time is in decaauts)
 A = Elapsed time spent in this place.
 B = Non-inter-level travel time spent in this place.
 C = Inter-level travel time spent in this place.
 D = Time resting spent in this place.
 E = Time spent auto-exploring this place.
 F = Levels seen in this place.
 G = Mean time per level.
                   A        B        C        D        E       F      G
               +--------+--------+--------+--------+--------+-----+--------+
         Total |  14150 |  13907 |    243 |   7045 |   4854 |   7 | 2021.4 |
       Dungeon |  14150 |  13907 |    243 |   7045 |   4854 |   7 | 2021.4 |
               +--------+--------+--------+--------+--------+-----+--------+

Top non-repeatable levels by time:
     D:6: 3389 daAuts
     D:1: 2928 daAuts
     D:3: 2085 daAuts
     D:4: 1956 daAuts
     D:5: 1817 daAuts
     D:2: 1564 daAuts
     D:7: 407 daAuts
